Cogmind - Beta 12 *** ADVENTURER MODE // 2024.01.04 @ 00:51:00 Player: martinuzz Result: Destroyed by S-27 Virus with Autogun Performance ------------- Evolutions (3) 1500 Regions Visited (6) 1200 Robots Destroyed (263) 1315 Value Destroyed (8146) 8146 Prototype IDs (19) 380 Alien Tech Used (0) 0 Bonus (587) 587 TOTAL SCORE: 13128 Bonus ------- High Alert Combat Kills 446 Follower Combat Kills 210 Friendly Fire -69 Cogmind --------- Core Integrity 0/700 Matter 291/300 Energy 290/290 System Corruption 4% Temperature Warm (108) Movement Treading (145) Location -7/Lower Caves Parts ------- > --- POWER (1) -------- Improved Deuterium Engine > --- PROPULSION (4) --- Advanced Treads Advanced Treads Advanced Treads Advanced Treads > --- UTILITY (4) ------ High-capacity Storage Unit Improved Signal Interpreter Recoil Stabilizer Hacking Suite > --- WEAPON (4) ------- Heavy Laser Heavy Ion Cannon Flak Gun Precision Assault Rifle > --- INVENTORY (20) --- Light Nuclear Core Improved Deuterium Engine Improved Cooling System Compact Battery (200) High-capacity Matter Pod (200) Improved Sensor Array Matter Filter Kinecellerator Advanced ECM Suite Insulated Plating Hardlight Generator Component Analysis Suite System Restoration Module Recalibrator Lightning Gun Heavy Laser Precision Rocket Launcher Remote Datajack Shock Maul Peak State ------------ > --- POWER ------------ Enhanced Nuclear Core > --- PROPULSION ------- VSS Leg VSS Leg Improved Carbon-fiber Leg Improved Titanium Leg > --- UTILITY ---------- High-capacity Storage Unit Advanced ECM Suite Hacking Suite System Shield > --- WEAPON ----------- Gatling Laser Precision Assault Rifle Gauss Cannon Shock Maul > --- INVENTORY -------- Improved Deuterium Engine Improved Deuterium Engine Cryofiber Web Improved Cooling System Compact Battery High-capacity Matter Pod Advanced Visual Processing Unit Improved Sensor Array Improved Signal Interpreter Recoil Stabilizer Kinecellerator Insulated Plating Hardlight Generator Heavy Particle Gun Precision Beam Rifle Precision Beam Rifle Heavy Particle Cannon Flak Gun Precision Rocket Launcher Remote Datajack [Rating: 56] Favorites ----------- Power Enhanced Nuclear Core Engine Light Ion Engine Power Core Enhanced Nuclear Core Propulsion Light Treads Treads Light Treads Leg Aluminum Leg Utility High-capacity Storage Unit Device Improved Sensor Array Storage High-capacity Storage Unit Processor Improved Signal Interpreter Hackware Hacking Suite Protection Light Armor Plating Weapon Gauss Rifle Energy Gun Precision Beam Rifle Energy Cannon Heavy Particle Cannon Ballistic Gun Gauss Rifle Ballistic Cannon Gauss Cannon Launcher Precision Rocket Launcher Impact Weapon Shock Maul Build | -11 -10 -9 -8 -8 -7 -7 ------- Run | Jun Mat Mat Mat Sto Fac Low Slots Evolved 6 | . . 2 2 . 2 . Power . | . . . . . . . Propulsion 2 | . . 1 1 . . . Utility 2 | . . 1 . . 1 . Weapon 2 | . . . 1 . 1 . Parts Attached 183 | 7 10 27 32 23 80 4 Power 15 | 1 1 3 1 2 7 . Engine 11 | 1 1 3 . 1 5 . Core 4 | . . . 1 1 2 . Reactor . | . . . . . . . Propulsion 57 | 2 1 7 12 9 26 . Treads 42 | . . 6 12 9 15 . Leg 15 | 2 1 1 . . 11 . Wheel . | . . . . . . . Hover . | . . . . . . . Flight . | . . . . . . . Utility 41 | 2 4 9 6 4 12 4 Device 29 | 1 2 6 4 4 8 4 Storage 4 | 1 2 . 1 . . . Processor 4 | . . 2 1 . 1 . Hackware 2 | . . . . . 2 . Protection 2 | . . 1 . . 1 . Artifact . | . . . . . . . Weapon 70 | 2 4 8 13 8 35 . Energy Gun 25 | . 2 2 5 2 14 . Energy Cannon 6 | . . 2 1 . 3 . Ballistic Gun 26 | 2 2 4 5 2 11 . Ballistic Cannon 6 | . . . 2 1 3 . Launcher 2 | . . . . 2 . . Special Weapon . | . . . . . . . Impact Weapon 5 | . . . . 1 4 . Slashing Weapon . | . . . . . . . Piercing Weapon . | . . . . . . . Special Melee Weapon . | . . . . . . . Unidentified Prototypes 8 | . . . 4 2 2 . Parts Lost 43 | . 1 6 3 3 30 . Power 7 | . 1 1 1 2 2 . Propulsion 15 | . . 1 . . 14 . Utility 5 | . . 3 1 1 . . Weapon 16 | . . 1 1 . 14 . Highest Loss Streak 6 | . 1 2 1 2 6 . To Critical Strikes . | . . . . . . . Average Slot Usage (%) 96 | . 99 97 99 99 91 100 Engine 5 | . 13 10 5 1 2 7 Core 3 | . . . 3 7 4 . Treads 22 | . . 29 36 35 14 30 Leg 7 | . 28 3 . . 9 . Device 9 | . 14 12 9 10 7 7 Storage 9 | . 14 11 9 9 7 7 Processor 5 | . . 7 9 7 2 7 Hackware 4 | . . . . . 11 7 Energy Gun 7 | . 8 2 6 8 9 7 Energy Cannon 2 | . . 7 2 . 1 7 Ballistic Gun 12 | . 19 11 15 9 9 15 Ballistic Cannon 3 | . . . 2 9 4 . Impact Weapon 1 | . . . . . 2 . Naked Turns . | . . . . . . . Heaviest Build 71 | 13 30 37 59 66 71 71 Greatest Support 94 | 20 20 60 80 86 94 88 Greatest Overweight (x) 21 | . 1 . . . 21 . Average Overweight (x) . | . . . . . . . Largest Inventory Capacity 20 | 8 15 15 20 20 20 20 Average Capacity 18 | 6 12 15 18 20 20 20 Most Carried 20 | 6 13 15 20 20 20 20 Average Carried 17 | 2 9 13 18 19 19 19 Final Capacity 20 | 8 15 15 20 20 20 20 Final Carried 20 | 4 12 15 20 19 20 19 Class Distribution -------------------- 22% | Hacker-Gunner 19% | Scavenger-Skirmisher 16% | Mutant 16% | Scavenger-Mutant 9% | Scavenger-Gunner 8% | Gunner Dominant Class ---------------- Mutant | -10/Materials Scavenger-Mutant | -9/Materials Scavenger-Skirmisher | -8/Materials Scavenger-Skirmisher | -8/Storage Hacker-Gunner | -7/Factory Hacker-Gunner | -7/Lower Caves Resources | -11 -10 -9 -8 -8 -7 -7 ----------- Run | Jun Mat Mat Mat Sto Fac Low Matter Collected 6156 | 255 491 646 1522 870 2299 73 Remotely 458 | 147 311 . . . . . Salvage Created 11237 | 53 800 1846 2661 1560 4297 20 Parts 572 | 2 47 121 139 72 190 1 Haulers Intercepted 17 | . 2 3 4 3 5 . Recyclers Shooed 13 | . 1 2 3 2 5 . Parts Field Recycled . | . . . . . . . Retrieved Matter . | . . . . . . . Parts Self-Destructed 2 | . . . . . . 2 Prevented . | . . . . . . . Kills | -11 -10 -9 -8 -8 -7 -7 ------- Run | Jun Mat Mat Mat Sto Fac Low Combat Hostiles Destroyed 180 | . 15 27 44 27 66 1 Melee 2 | . . . . . 2 . Guns 133 | . 15 18 39 12 48 1 Cannons 40 | . . 9 5 14 12 . AOE 3 | . . . . 1 2 . Classes Destroyed 16 | 1 4 4 3 1 3 . Worker 8 | . . 1 . . 7 . Builder 10 | . . 1 3 . 6 . Tunneler 2 | . . . 1 . 1 . Hauler 17 | . 2 3 4 3 5 . Recycler 27 | 1 2 5 3 3 13 . Mechanic 3 | . . . 1 1 1 . Operator 2 | . . . . 2 . . Watcher 19 | . 3 5 5 1 5 . Swarmer 32 | . 3 4 8 . 16 1 Grunt 86 | . 12 13 24 14 23 . Brawler 3 | . . 1 1 1 . . Duelist 4 | . . . 1 2 1 . Protector 1 | . . . . . 1 . Sentry 42 | . . 9 10 10 13 . Hunter 4 | . . . . . 4 . Programmer 8 | . . . . . 8 . Best Kill Streak 10 | 1 3 10 10 5 6 1 Combat Bots Only 10 | . 3 7 10 5 6 1 Max Kills in Single Turn 2 | 1 1 2 2 1 2 1 Gunslinging 1 | . . . 1 . 1 . Exploded 2 | . . . . 1 2 . Melee 1 | . . . . . 1 . Uniques/NPCs Destroyed . | . . . . . . . Combat | -11 -10 -9 -8 -8 -7 -7 -------- Run | Jun Mat Mat Mat Sto Fac Low Damage Taken 9243 | . 340 1555 1673 920 4712 43 Core 1317 | . 53 260 179 119 697 9 Absorbed by Shields 89 | . 89 . . . . . Regen/Repaired (Parts) 855 | . . 93 55 225 482 . Core Remaining (%) 64 | 100 78 35 . 45 . . Volleys Fired 531 | 3 51 105 123 86 162 1 Largest 4 | 1 2 2 3 3 4 4 Hottest 211 | 20 85 98 154 137 211 190 Shots Fired 1423 | 3 102 215 363 241 495 4 Gun 1148 | 3 102 151 322 151 416 3 Cannon 271 | . . 64 41 86 79 1 Launcher 4 | . . . . 4 . . Special . | . . . . . . . Kinetic 874 | 3 73 113 245 162 276 2 Thermal 514 | . 29 102 118 75 188 2 Explosive 4 | . . . . 4 . . Electromagnetic 31 | . . . . . 31 . Robot Hit Streak 31 | 3 21 23 31 25 30 3 Robot Miss Streak 4 | . 1 2 3 2 4 2 Penetration Max 1 | . . . 1 1 1 . Secondary Targets 14 | . 2 2 5 . 5 . Max Gunslinging Chain 1 | . 1 1 1 . 1 . Shots Hit Robots 1062 | 3 83 159 275 146 393 3 Core Hits 469 | 2 33 58 95 56 222 3 Critical Kills 5 | . . . 4 . 1 . Critical Parts Destroyed 13 | . 1 1 2 . 9 . Critical Strikes 55 | . 1 2 12 14 26 . Burn 22 | . . 1 4 5 12 . Destroy 10 | . 1 1 6 . 2 . Blast 14 | . . . 2 9 3 . Corrupt 1 | . . . . . 1 . Smash 8 | . . . . . 8 . Melee Attacks 27 | . . . . . 27 . Impact 27 | . . . . . 27 . Slashing . | . . . . . . . Piercing . | . . . . . . . Sneak Attacks 9 | . . . . . 9 . Combat Hostiles . | . . . . . . . Follow-up Attacks . | . . . . . . . Damage Inflicted 22664 | 40 1144 2895 5557 3275 9685 68 Guns 15755 | 40 1144 1700 4798 2021 6012 40 Cannons 4442 | . . 1175 735 1154 1350 28 Explosions 419 | . . 20 . 93 306 . Melee 2002 | . . . . . 2002 . Ramming 46 | . . . 24 7 15 . Kinetic 12052 | 40 773 1205 3556 2253 4185 40 Thermal 8225 | . 371 1690 1977 922 3237 28 Explosive 93 | . . . . 93 . . Electromagnetic 246 | . . . . . 246 . Impact 2002 | . . . . . 2002 . Slashing . | . . . . . . . Piercing . | . . . . . . . Highest Corruption 11 | . 1 6 1 2 11 6 Average Corruption 3 | . 1 5 1 1 4 4 Corruption Purged 7 | . . . . . 5 2 Corruption Blocked . | . . . . . . . Effects 187 | . 3 47 6 21 107 3 Message Errors 33 | . . 10 1 4 18 . Matter Fused 38 | . 2 7 1 5 22 1 Heat Flow Errors 27 | . . 7 1 5 14 . Energy Discharges 27 | . . 9 . 3 14 1 Parts Rejected 2 | . . . . . 2 . Parts Fused 3 | . . 1 . . 2 . Data Loss (minor) 20 | . 1 5 . 2 12 . Data Loss (major) 6 | . . . 1 1 3 1 Misfires 14 | . . 6 . 1 7 . Alerts 6 | . . 1 1 . 4 . Weapon Failures 11 | . . 1 1 . 9 . Overload Shots . | . . . . . . . Overflow Damage 1310 | . . 28 5 46 1228 3 Projectiles 162 | . . 28 5 46 80 3 Explosions 77 | . . . . . 77 . Melee 1071 | . . . . . 1071 . Knockbacks 20 | . . . . 5 15 . Impact 9 | . . . . . 9 . Kinetic 9 | . . . . 5 4 . Secondary 2 | . . . . . 2 . Self-Inflicted Damage 291 | . . 45 . 27 219 . Shots 8 | . . 2 . 2 4 . Rammed 9 | . . . 5 1 3 . Targets Rammed 11 | . . . 5 1 5 . Kicked 2 | . . . . . 2 . Crushed . | . . . . . . . Highest Temperature 520 | . 264 272 367 408 520 108 Average Temperature 110 | . 86 61 81 99 151 72 Received Heat Transfer 3822 | . 204 663 945 441 1569 . Effects 41 | . . 1 4 10 26 . Shutdowns 11 | . . . 1 1 9 . Energy Bleed 7 | . . 1 . 1 5 . Interference 17 | . . . 3 8 6 . Matter Decay 1 | . . . . . 1 . Short Circuit 1 | . . . . . 1 . Damage (minor) 3 | . . . . . 3 . Damage (core) 1 | . . . . . 1 . Siege Activations . | . . . . . . . Robots Corrupted 1 | . . . . . 1 . Combat Hostiles . | . . . . . . . Parts Fried 14 | . . . . . 14 . Impact Corruptions 30 | . . . . . 30 . Robots Melted 1 | . . . . . 1 . Combat Hostiles 1 | . . . . . 1 . Parts Melted 22 | . 1 3 3 3 12 . Heat Transferred 17398 | . 888 3047 3996 2368 7062 37 Parts Sabotaged . | . . . . . . . Parts Stolen . | . . . . . . . Parts Stripped . | . . . . . . . Power Chain Reactions 1 | . . 1 . . . . Missiles Intercepted . | . . . . . . . Alert | -11 -10 -9 -8 -8 -7 -7 ------- Run | Jun Mat Mat Mat Sto Fac Low Peak Influence 687 | 5 205 401 543 455 687 . Initial 110 | . 2 21 34 106 110 . Average 221 | 3 50 186 247 292 250 . Maximum Alert Level 2 | . 1 2 2 2 2 . Low Security (%) 50 | 100 98 57 36 6 55 . Level 1 33 | . 1 40 51 80 12 . Level 2 16 | . . 1 11 12 31 . Level 3 . | . . . . . . . Level 4 . | . . . . . . . Level 5 . | . . . . . . . High Security . | . . . . . . . Max Security . | . . . . . . . Squads Dispatched 42 | . 4 4 9 7 18 . Investigation 17 | . 4 2 6 2 3 . Extermination 8 | . . . . . 8 . Reinforcement 7 | . . 2 2 2 1 . Assault 1 | . . . . . 1 . Garrison 9 | . . . 1 3 5 . Intercept . | . . . . . . . Searches Triggered . | . . . . . . . Construction Impeded 1 | . . . . 1 . . Haulers Reinforced . | . . . . . . . Active Scanning Responses . | . . . . . . . Cargo Convoy Interrupts . | . . . . . . . Stealth | -11 -10 -9 -8 -8 -7 -7 --------- Run | Jun Mat Mat Mat Sto Fac Low Distress Signals 8 | . . 1 3 2 2 . Communications Jammed . | . . . . . . . Distress Signals . | . . . . . . . Times Spotted 261 | . 23 51 56 37 91 3 Peak Tracking Total 11 | . 3 11 10 3 8 3 Tactical Retreats 16 | . 1 6 4 1 4 . Traps | -11 -10 -9 -8 -8 -7 -7 ------- Run | Jun Mat Mat Mat Sto Fac Low Traps Triggered 14 | . 3 1 4 . 6 . Indirectly . | . . . . . . . Trap Hack Attempts . | . . . . . . . Triggered . | . . . . . . . Disarmed 1 | . . . . 1 . . Reprogrammed . | . . . . . . . Reused . | . . . . . . . Traps Extracted . | . . . . . . . Installed . | . . . . . . . Triggered . | . . . . . . . Machines | -11 -10 -9 -8 -8 -7 -7 ---------- Run | Jun Mat Mat Mat Sto Fac Low Machines Disabled 19 | . . 4 2 5 8 . Max in Single Turn 3 | . . 2 1 1 3 . Garrison Access 4 | . . . . 1 3 . Machines Repaired . | . . . . . . . Machines Sabotaged . | . . . . . . . Overloaded Fab Kills . | . . . . . . . Hacking | -11 -10 -9 -8 -8 -7 -7 --------- Run | Jun Mat Mat Mat Sto Fac Low Machines Accessed 64 | . 8 11 12 13 20 . Terminals 41 | . 6 8 7 9 11 . Fabricators . | . . . . . . . Repair Stations 7 | . 1 1 1 1 3 . Recycling Units 6 | . 1 1 1 2 1 . Scanalyzers 5 | . . 1 2 . 2 . Garrison Access 5 | . . . 1 1 3 . Total Hacks 239 | . 33 47 33 44 82 . Successful 176 | . 27 37 25 29 58 . Failed 63 | . 6 10 8 15 24 . Catastrophic 6 | . 1 . . 2 3 . Database Lockouts . | . . . . . . . Manual . | . . . . . . . Terminals 142 | . 27 30 19 35 31 . Fabricators . | . . . . . . . Repair Stations 29 | . 4 5 3 2 15 . Recycling Units 15 | . 2 3 2 6 2 . Scanalyzers 43 | . . 9 7 . 27 . Garrison Access 10 | . . . 2 1 7 . Terminal Hacks 101 | . 24 23 14 22 18 . Record 32 | . 11 5 4 4 8 . Part Schematic 7 | . . . . 2 5 . Robot Schematic 1 | . . . . 1 . . Robot Analysis 1 | . . 1 . . . . Prototype ID Bank 8 | . 1 3 1 2 1 . Open Door 2 | . . . . 2 . . Open DSF 1 | . . . . . 1 . Branch Access Points 4 | . 1 1 1 . 1 . Emergency Access Points 3 | . . 1 . 2 . . Terminal Index 1 | . . 1 . . . . Alert Level 7 | . 3 1 2 . 1 . Unreport Threat 3 | . 1 . 1 1 . . Locate Traps 5 | . 1 2 . 2 . . Disarm Traps 1 | . . . . 1 . . Dispatch Records 6 | . 1 . 1 3 1 . Maintenance Status 4 | . . 2 2 . . . Security Status 1 | . . 1 . . . . Surveillance Status 2 | . 1 . . 1 . . Investigation Status 1 | . 1 . . . . . Reinforcement Status 3 | . . 3 . . . . Assault Status 4 | . 1 1 2 . . . Hauler Manifests 2 | . 2 . . . . . Registered Components 2 | . . 1 . 1 . . Fabricator Hacks . | . . . . . . . Repair Station Hacks 21 | . 2 4 2 2 11 . Scan Component 12 | . 2 2 1 1 6 . Repair 9 | . . 2 1 1 5 . Recycling Unit Hacks 9 | . 1 1 1 4 2 . Retrieve Matter 3 | . . . . 2 1 . Retrieve Components 6 | . 1 1 1 2 1 . Scanalyzer 39 | . . 9 6 . 24 . Insert Component 18 | . . 4 3 . 11 . Analyze 21 | . . 5 3 . 13 . Garrison Access Hacks 6 | . . . 2 1 3 . Unlock Access 1 | . . . 1 . . . Seal Access 4 | . . . . 1 3 . Coupler Status 1 | . . . 1 . . . Unauthorized Hacks . | . . . . . . . Terminals . | . . . . . . . Fabricators . | . . . . . . . Repair Stations . | . . . . . . . Recycling Units . | . . . . . . . Scanalyzers . | . . . . . . . Garrison Access . | . . . . . . . Data Cores Recovered 1 | . . . . 1 . . Used 1 | . . . . 1 . . Hacking Detections 51 | . 5 9 11 11 15 . Full Trace Events 11 | . 4 2 2 2 1 . Feedback Events 2 | . . 1 1 . . . Corruption 2 | . . 1 1 . . . Feedback Blocked . | . . . . . . . Robot Schematics Acquired 1 | . . . . 1 . . Robots Built . | . . . . . . . Authchips . | . . . . . . . Time . | . . . . . . . Total Robot Build Rating . | . . . . . . . Part Schematics Acquired 24 | . . 4 3 2 15 . Parts Built . | . . . . . . . Authchips . | . . . . . . . Time . | . . . . . . . Total Part Build Rating . | . . . . . . . Parts Repaired 8 | . . 1 1 1 5 . Time 283 | . . 70 38 19 156 . Parts Recycled . | . . . . . . . Recycled Matter . | . . . . . . . Retrieved Matter 231 | . . . . 76 155 . Retrieved Components 51 | . 9 10 10 13 9 . Parts Scanalyzed 17 | . . 4 3 . 10 . Part Schematics Acquired 17 | . . 4 3 . 10 . Parts Damaged 2 | . . . . . 2 . Bothacking | -11 -10 -9 -8 -8 -7 -7 ------------ Run | Jun Mat Mat Mat Sto Fac Low Used RIF Installer . | . . . . . . . Robots Hacked . | . . . . . . . Non-combat . | . . . . . . . Combat . | . . . . . . . Robot Hacks Applied . | . . . . . . . Relay Couplers Released . | . . . . . . . Fabnet Peak Effective % . | . . . . . . . Robots Rewired . | . . . . . . . Allies Hacked . | . . . . . . . Hacks Repelled . | . . . . . . . Allies | -11 -10 -9 -8 -8 -7 -7 -------- Run | Jun Mat Mat Mat Sto Fac Low Total Allies 11 | . . . . 10 . 1 Largest Group 10 | . . . . 10 . 1 Highest-Rated Group 173 | . . . . 173 . 146 Highest-Rated Ally 146 | . . . . 29 . 146 Total Orders . | . . . . . . . Ally Attacks 74 | . . . . 74 . . Total Damage 1044 | . . . . 1044 . . Kills 8 | . . . . 8 . . Allies Corrupted . | . . . . . . . Allies Melted . | . . . . . . . Intel | -11 -10 -9 -8 -8 -7 -7 ------- Run | Jun Mat Mat Mat Sto Fac Low Robot Analysis Total 1 | . . 1 . . . . Derelict Logs Recovered . | . . . . . . . Drone Launches . | . . . . . . . Drone Recoveries . | . . . . . . . Exploration | -11 -10 -9 -8 -8 -7 -7 ------------- Run | Jun Mat Mat Mat Sto Fac Low Turns Passed 13368 | 65 1522 2019 2721 1841 5030 170 Spaces Moved 5906 | 41 883 884 1257 879 1866 96 Core 20 | 11 . . . . 9 . Treads 4190 | . . 785 1257 879 1173 96 Legs 1696 | 30 883 99 . . 684 . Wheels . | . . . . . . . Hover . | . . . . . . . Flight . | . . . . . . . Fastest Speed 50 | 50 120 120 160 160 107 145 Average Speed 168 | 101 145 155 160 161 198 145 Slowest Speed 1100 | 120 190 160 160 162 1100 145 Overloaded Moves . | . . . . . . . Propulsion Burnouts . | . . . . . . . Robots Hopped . | . . . . . . . Cave-ins Triggered 1 | . . . . 1 . . Exploration Rate (%) 61 | 3 95 83 83 96 50 17 Regions Visited 6 Branch Regions 2 Pre-discovered Areas . | . . . . . . . Known Exits Taken 4 | . . 1 1 1 1 . Unknown Exits Taken 2 | 1 1 . . . . . Scrap Searched 6 | . . . . . . 6 Spaces Dug 27 | . . . . 27 . . Terrain Destroyed 204 | . . 17 12 110 65 . Melee . | . . . . . . . Projectile 82 | . . 15 12 39 16 . AOE 122 | . . 2 . 71 49 . Terrain Rammed . | . . . . . . . Walls Destroyed . | . . . . . . . Machines Disabled . | . . . . . . . Actions | -11 -10 -9 -8 -8 -7 -7 --------- Run | Jun Mat Mat Mat Sto Fac Low Total 8124 | 61 1018 1327 1708 1114 2771 125 Wait 1098 | . 42 248 193 84 516 15 Move 5900 | 40 882 883 1256 878 1865 96 Hop . | . . . . . . . Pick Up 231 | 11 21 39 56 23 77 4 Fast Attach . | . . . . . . . Attach 68 | 7 2 10 6 5 38 . Detach . | . . . . . . . Swap 115 | . 8 17 26 18 42 4 Drop 138 | . 12 25 43 19 34 5 Fire 531 | 3 51 105 123 86 162 1 Melee 27 | . . . . . 27 . Ram . | . . . . . . . Kick 2 | . . . . . 2 . Crush 9 | . . . 5 1 3 . Escape Stasis 5 | . . . . . 5 . Rewire . | . . . . . . . Trap . | . . . . . . . Miscellaneous . | . . . . . . . Route ------- -11/Junkyard -10/Materials (discovered 5 exits: *Mat x3 / *Min x2) -9/Materials (discovered 4 exits: *Mat x3 / *Min) -8/Materials (discovered 5 exits: *Fac x3 / *Sto / Gar) -8/Storage -7/Factory (discovered 3 exits: *Fac / *Low x2) -7/Lower Caves History --------- Turn | Location | Event 6 | -11/Junkyard | Discovered new exit (range 13) 66 | -11/Junkyard | Entered Materials 294 | -10/Materials | Discovered new exit (range 12) 310 | -10/Materials | Build established: Mutant 428 | -10/Materials | Discovered new exit (range 9) 723 | -10/Materials | Discovered new exit (range 9) 974 | -10/Materials | Identified exit to Mines 1237 | -10/Materials | Discovered new exit (range 15) 1588 | -10/Materials | Entered another Materials area 1588 | -9/Materials | Evolved 2 slots: Propulsion x1, Utility x1 1819 | -9/Materials | Discovered new exit (range 15) 2214 | -9/Materials | Core integrity fell below 50% 2296 | -9/Materials | Destroyed 7 combat bots 2354 | -9/Materials | Identified exit to Mines 2534 | -9/Materials | Discovered new exit (range 12) 2563 | -9/Materials | Build established: Scavenger-Mutant 2802 | -9/Materials | Repaired Hvy. Particle Cannon 2830 | -9/Materials | Discovered new exit (range 3) 2834 | -9/Materials | Identified exit to Materials 3140 | -9/Materials | Discovered exit to Materials (range 5) 3607 | -9/Materials | Entered another Materials area 3607 | -8/Materials | Evolved 2 slots: Propulsion x1, Weapon x1 4135 | -8/Materials | Build established: Scavenger-Skirmisher 4229 | -8/Materials | Identified exit to Storage 4714 | -8/Materials | Discovered new exit (range 10) 4736 | -8/Materials | Identified exit to Factory 4872 | -8/Materials | Destroyed 10 combat bots 4883 | -8/Materials | Build established: Scavenger-Gunner 5204 | -8/Materials | Discovered exit to Factory (range 13) 5496 | -8/Materials | Build established: Scavenger-Skirmisher 5637 | -8/Materials | Garrison activated, responded to threat 5852 | -8/Materials | Repaired Hvy. Particle Cannon 5991 | -8/Materials | Discovered exit to Factory (range 16) 6181 | -8/Materials | Identified exit to Garrison 6328 | -8/Materials | Entered Storage 6443 | -8/Storage | Assisted by bots powering up and referring to "LRC-V3" 6923 | -8/Storage | Repaired Arm. Treads 6983 | -8/Storage | Garrison activated, responded to threat 7162 | -8/Storage | Discovered exit to Factory (range 8) 7722 | -8/Storage | Build established: Gunner 7846 | -8/Storage | Crushed by falling debris 7919 | -8/Storage | Core integrity fell below 50% 8128 | -8/Storage | Build established: Skirmisher 8169 | -8/Storage | Entered Factory 8169 | -7/Factory | Evolved 2 slots: Utility x1, Weapon x1 8319 | -7/Factory | Repaired Gauss Rifle 8378 | -7/Factory | Repaired Gauss Cannon 8410 | -7/Factory | Repaired Prc. Beam Rifle 8702 | -7/Factory | Build established: Gunner 8720 | -7/Factory | Discovered new exit (range 11) 9333 | -7/Factory | Discovered new exit (range 15) 9366 | -7/Factory | Build established: Hacker-Gunner 10629 | -7/Factory | Identified exit to Lower Caves 11142 | -7/Factory | Garrison activated, responded to threat 11291 | -7/Factory | Discovered new exit (range 5) 11319 | -7/Factory | Identified exit to Factory 11534 | -7/Factory | Lost 3 parts (1n2w) 11786 | -7/Factory | Garrison activated, responded to threat 11913 | -7/Factory | Core integrity fell below 50% 11957 | -7/Factory | Lost 3 parts (3w) 12025 | -7/Factory | Core integrity fell below 20% 12137 | -7/Factory | Lost 3 parts (1n2w) 12169 | -7/Factory | First assault squad dispatched 12278 | -7/Factory | Repaired Flak Gun 12348 | -7/Factory | Lost 6 parts (1p3n2w) 12406 | -7/Factory | Repaired Imp. Sensor Array 12565 | -7/Factory | System corruption reached 10% 12938 | -7/Factory | Build established: Scavenger-Gunner 13199 | -7/Factory | Entered Lower Caves 13319 | -7/Lower Caves | Build established: Hacker-Gunner 13369 | -7/Lower Caves | Destroyed by S-27 Virus with Autogun Last Messages --------------- 13257_ Searching scrap... 13257_ Found Hvy. Laser. 13257_ Found Imp. Field Recycling Unit. 13258_ Searching scrap... 13258_ Found Airjet. 13261_ Acquired 10 matter. 13273_ Component Analysis Suite identified Med. Reflective Plating. 13279_ Dropped Med. Reflective Plating. 13287_ System corrupted: Matter fused (-8). 13299_ Searching scrap... 13299_ Found Com. Matter Pod. 13299_ Found Hardlight Generator. 13299_ Found 17 Matter. 13300_ Acquired 17 matter. 13337_ System corrupted: Energy discharge (-69). 13357_ Acquired 1 matter. A strange signal echoes through the caves. 13366_ Destroyed VTOL Module. 13366_ S-27 Virus destroyed. 13368_ System corrupted: Substantial component data lost. Map ----- +----------------------------------------------------+ | ?????????????????????????????????????????????????? | | ?????????????????????????????????????????????????? | | ?????????????????????????????????????????????????? | | ?????????????????????????????????????????????????? | | ?????????????????????????????????????????????????? | | ?????????????????????????????????????????????????? | | ?????????????????????????????????????????????????? | | ?????????????????????????????????????????????????? | | ?????????????????????????????????????????????????? | | ?????????????????????????????????????????????????? | | ?????????????????????????????????????????????????? | | ?????????????????????????????????????????????????? | | ?????????????????????????????????????????????????? | | ??????????????????????????????????????#??????????? | | ????????????????????????????????????? #??????????? | | ????????????????????????????????????? #??????????? | | ???????????????????#????????????????# #??????????? | | ??????????????###??# ??????????????# #??????????? | | ??????????????# ## #???????????## ##?????????? | | ?????????????## #??????????# #?##??????? | | ?????????????# ####????### #??# ??????? | | ?????????????? #????? #??# ###???? | | ?????????????????# ####??# #???## ##??? | | ??????????????????# ## #### ####### #??? | | ???????????????????# % %! ## ##?? | | ???????????????????## @ ##### # #?? | | ????????????????????# ##???# ## #?? | | ???????????????????# ###????##### #### ### | | ??????????????????# s* #???????????###?## ## | | ?????????????????# ###????????????????# | | ????????????????# s ????????????????????# | | ????????????????# ?????????????????????## | | ???????????????# ???????????????????????# | | ?????????????? ????????????????? ##### | | ????????????? ???????????????????# #???? | | ?????????????? ????????????????????## ##???? | | ????????????????????????????????????# #????? | | ??????????????????????????????????? #????? | | ????????????????????????????????? ????? | | ????????????????????????????????### ###### ????? | | ??????????????????????????????????# ?????## ????? | | ??????????????????????????????????#???????# ????? | | ?????????????????????????????????????????? ????? | | ?????????????????????????????????????????? ????? | | ?????????????????????????????????????????? #????? | | ?????????????????????????????????????????? #?????? | | ??????????????????????????????????????????#??????# | | ????????????????????????????????????????????????## | | ????????????????????????????????????????????????# | | ????????????????????????????????????????????????# | +----------------------------------------------------+ Best States ------------- Heat Dissipation 61 Energy Generation 17 Energy Capacity 300 Matter Stores 300 Matter Capacity 300 Sight Range 18 Robot Scan Range 15 Terrain Scan Density 10 ECM Strength 2 Armor Coverage 150 Resistance: KI 20 Resistance: TH 20 Resistance: EX 20 Resistance: EM 35 Resistance: I 20 Resistance: S 20 Resistance: P 20 Evasion (%) 55 Recoil Reduction 8 Kinecelleration 30 Offensive Hacking 20 Defensive Hacking 10 Item Schematics ----------------- Autogun | -9/Materials | Scanalyzed Hrd. Light Armor Plating | -9/Materials | Scanalyzed Imp. Ion Engine | -9/Materials | Scanalyzed Mining Claw | -9/Materials | Scanalyzed Recoil Stabilizer | -8/Materials | Scanalyzed Insulated Plating | -8/Materials | Scanalyzed Lgt. Nuclear Core | -8/Materials | Scanalyzed Imp. Shield Generator | -8/Storage | Hacked Particle Charger | -8/Storage | Hacked Core Analyzer | -7/Factory | Hacked Gyrokinetic Inverter | -7/Factory | Hacked Microactuators | -7/Factory | Hacked Point Defense System | -7/Factory | Hacked Adv. Plasma Cannon | -7/Factory | Hacked Imp. Sensor Array | -7/Factory | Scanalyzed Kinecellerator | -7/Factory | Scanalyzed Imp. Signal Interpreter | -7/Factory | Scanalyzed Prc. Rocket Launcher | -7/Factory | Scanalyzed Imp. Cooling System | -7/Factory | Scanalyzed Hardlight Generator | -7/Factory | Scanalyzed Matter Filter | -7/Factory | Scanalyzed Recalibrator | -7/Factory | Scanalyzed Remote Datajack | -7/Factory | Scanalyzed Adv. ECM Suite | -7/Factory | Scanalyzed Robot Schematics ------------------ K-01 Serf | -8/Storage | Hacked Fabricated ------------ Nothing Alien Tech Used ----------------- None Achievements -------------- Oops Use The Force Challenges ------------ None Game ------ Seed NavigationGravityFlamer Manual? 0 Play Time 04:00:31 Cumulative 20.5 hours Start 2024.01.03 @ 13:58:41 End 2024.01.04 @ 00:51:00 Sessions 3 Manual Loads 0 Difficulty Adventurer Special Mode None Game No. 7 Rogue 0 Adventurer 7 Explorer 0 Win Type - Total 0 Types 0/0/0/0/0/0/0/0/0 Lore% 11 Gallery% 20 Achievement% 21 Wizard Run 0 Options --------- ASCII 0 Keyboard 0 Movement Numpad Keybinds 0 Fullscreen 1 Font 16/Smallcaps Map View 76x50 Tactical HUD 1 Map Filters NONE Filters NONE Steam 1 RUN: f23a7fe9-40a3-4449-a7e6-3f5a5cc888fd